 Dungeon Crawl Stone Soup version 0.23-a0-642-g3120c2f (webtiles) character file.

53 dondy the Caller (level 3, 0/19 HPs)
             Began as a Tengu Summoner on Dec 31, 2018.
             Asphyxiated
             ... on level 3 of the Dungeon.
             The game lasted 00:09:40 (1886 turns).

dondy the Caller (Tengu Summoner)                   Turns: 1886, Time: 00:09:41

Health: 0/19       AC:  2    Str:  9    XL:     3   Next: 89%
Magic:  6/7        EV: 12    Int: 15    God:
Gold:   61         SH:  0    Dex: 14    Spells: 2/6 levels left

rFire    . . .     SeeInvis .   (no weapon)
rCold    . . .     Gourm    .   (no shield)
rNeg     . . .     Faith    .   a - +0 robe
rPois    .         Spirit   .   (helmet restricted)
rElec    .         Reflect  .   (no cloak)
rCorr    .         Harm     .   (no gloves)
MR       .....                  (boots unavailable)
Stlth    ++........             (no amulet)
HPRegen  0.06/turn              (no ring)
MPRegen  0.10/turn              (no ring)

@: lethally poisoned (0 -> -14)
A: beak, talons 3
a: no special abilities


You were on level 3 of the Dungeon.
You were not hungry.

You visited 1 branch of the dungeon, and saw 3 of its levels.

You collected 61 gold pieces.

Inventory:

Armour
 a - a +0 robe (worn)
Scrolls
 b - a scroll of amnesia {unknown}
 e - a scroll of remove curse {unknown}
 f - a scroll of enchant armour {unknown}
 h - 2 scrolls of random uselessness {unknown}
 i - 2 scrolls of identify {unknown}
 m - a scroll of teleportation {unknown}
 o - a scroll of fear {unknown}
Potions
 d - a potion of cancellation {unknown}
 g - a potion of heal wounds {unknown}
 j - 4 potions of curing {unknown}
 l - 2 potions of might {unknown}
 n - a potion of brilliance {unknown}
Comestibles
 c - 3 rations
 k - 2 chunks of flesh


   Skills:
 - Level 2.1 Dodging
 - Level 2.0 Stealth
 - Level 2.0 Spellcasting
 + Level 6.5 Summonings


You had 2 spell levels left.
You knew the following spells:

 Your Spells              Type           Power        Failure   Level  Hunger
a - Summon Small Mammal   Summ           ###.         1%          1    #......
b - Call Canine Familiar  Summ           ###.....     4%          3    ###....

Your spell library contained the following spells:

 Spells                   Type           Power        Failure   Level  Hunger
 Call Imp                 Summ           ###.....     2%          2    ###....
 Summon Guardian Golem    Hex/Summ       ##......     17%         3    ###....
 Summon Ice Beast         Ice/Summ       ##......     50%         4    #####..
 Summon Lightning Spire   Summ/Air       ##......     50%         4    #####..


Dungeon Overview and Level Annotations

Branches:
Dungeon (3/15)

Altars:
Dithmenos

Annotations:
D:3 Robin


Innate Abilities, Weirdness & Mutations

You have a beak for a mouth.
You have claws for feet.


Message History

You butcher the jackal corpse.
Things that are here:
2 chunks of flesh; a jackal skeleton What are your orders? t - Shout!
Orders for allies: a - Attack new target. r - Retreat! s - Stop attacking. g - Guard the area. f - Follow me.
Anything else - Cancel.
Gang up on whom?
Press: ? - help, Dir - move target cursor, f - kobold
Aim: a kobold, wielding a +0 short sword (hasn't noticed you) Attack!
The kobold unwields a +0 short sword.
The kobold wields a +0 blowgun.
The kobold shoots a curare-tipped needle.
The curare-tipped needle barely misses you.
The kobold shoots a curare-tipped needle.
The curare-tipped needle hits you.
You are lethally poisoned!
You have difficulty breathing.
You die...

#### #.. #.#
#†# # #.# ###
....##<###.....
#....@....#
##.#.######
#h..# #....
#K#### .?# ...
..


You could see a kobold and a friendly hound.

Vanquished Creatures
  A hobgoblin (D:1)
1 creature vanquished.

Vanquished Creatures (collateral kills)
  2 oozes
  A worm (D:2)
  3 dart slugs (D:2)
  3 leopard geckos
  2 ball pythons
  2 giant cockroaches
  8 goblins
  6 hobgoblins
  14 jackals
  5 bats
  5 frilled lizards
  5 kobolds
  5 rats
61 creatures vanquished.

Grand Total: 62 creatures vanquished

Notes
Turn   | Place    | Note
-------+----------+-------------------------------------------
     0 | D:1      | dondy the Tengu Summoner began the quest for the Orb.
     0 | D:1      | Reached XP level 1. HP: 10/10 MP: 4/4
    66 | D:1      | Reached skill level 5 in Summonings
   271 | D:1      | Reached XP level 2. HP: 13/15 MP: 1/6
   917 | D:2      | Reached XP level 3. HP: 19/19 MP: 4/7
   951 | D:2      | Reached skill level 6 in Summonings
   956 | D:2      | Learned a level 3 spell: Call Canine Familiar
  1307 | D:2      | Found a shadowy altar of Dithmenos.
  1792 | D:3      | Noticed Robin
  1886 | D:3      | Asphyxiated

Vault maps used:
D:1:      lightli_arrival_flooded_house, st_stairs_2
D:2:      nicolae_dithmenos_through_a_glass_darkly
D:3:      lemuel_castle_with_subvaults, kennysheep_slug_shrine,
          grunt_ministairs_2, uniq_robin

Skill      XL: |  1  2  3 |
---------------+----------+-----
Summonings     | 5 6 |  6.5
Dodging        | |  2.1
Stealth        | |  2.0
Spellcasting   | |  2.0

Action                   || total
-------------------------++-------
Melee: Unarmed           ||    12
       Kick              ||     2
       Peck              ||     1
 Cast: Summon Small Mamm ||    60
       Call Canine Famil ||     8
  Eat: Chunk             ||     5
Armor: Robe              ||     9
Dodge: Dodged            ||    41

Table legend:
 A = Non-vault XP
 B = Vault XP
 C = Vault XP percentage of total XP
 D = Non-vault monster count
 E = Vault monster count
 F = Vault count percentage of total count
                 A         B        C        D         E       F
            +---------+---------+-------+---------+---------+-------
      Total |      69 |       8 |  10.4 |      57 |       5 |   8.1
            +---------+---------+-------+---------+---------+-------
        D:1 |      26 |       5 |  16.1 |      24 |       2 |   7.7
        D:2 |      40 |       3 |   7.0 |      30 |       3 |   9.1
        D:3 |       3 |       0 |   0.0 |       3 |       0 |   0.0
            +---------+---------+-------+---------+---------+-------
